 Dungeon Crawl Stone Soup version 0.28.0-62-gf88900778d (webtiles) character file.

Game seed: 7897128320097395777

81 infinitevox the Chiller (level 4, -2/32 HPs)
             Began as a Demonspawn Wanderer on Apr 13, 2023.
             Was a Follower of Okawaru.
             Slain by an ogre
             ... wielding a +0 giant club
              (30 damage)
             ... on level 3 of the Dungeon.
             The game lasted 00:07:28 (3545 turns).

infinitevox the Chiller (Demonspawn Wanderer)       Turns: 3545, Time: 00:07:28

Health: -2/32      AC:  6    Str: 15    XL:     4   Next: 19%
Magic:  6/8        EV: 11    Int: 13    God:    Okawaru [*.....]
Gold:   70         SH:  0    Dex: 12    Spells: 8/9 levels left

rFire   . . .      SeeInvis .   e - +0 spear (flame)
rCold   + . .      Faith    .   (no shield)
rNeg    . . .      Spirit   .   b - +0 leather armour
rPois   .          Reflect  .   i - +0 helmet
rElec   .          Harm     .   (no cloak)
rCorr   .          Rampage  .   (no gloves)
Will    .....                   (no boots)
Stlth   +.........              (no amulet)
HPRegen 0.10/turn               f - ring of protection from cold
MPRegen 0.11/turn               (no ring)

@: very slightly contaminated
A: thin metallic scales 1, weakness stinger 1
a: Renounce Religion, Heroism


You were on level 3 of the Dungeon.
You worshipped Okawaru.
Okawaru was aware of your devotion.
You visited 1 branch of the dungeon, and saw 3 of its levels.

You collected 70 gold pieces.

Inventory:

Hand Weapons
 e - a +0 spear of flaming (weapon)
Missiles
 d - 2 throwing nets
Armour
 b - a +0 leather armour (worn)
 i - a +0 helmet (worn)
Jewellery
 a - a ring of ice
 f - a ring of protection from cold (left hand)
Scrolls
 h - a scroll of identify {unknown}
 l - 2 scrolls of magic mapping {unknown}
 n - a scroll of fog {unknown}
 p - a scroll of teleportation {unknown}
Potions
 c - 2 potions of flight {unknown}
 g - 2 potions of heal wounds
 j - a potion of magic {unknown}
 k - a potion of haste {unknown}
 m - a potion of berserk rage {unknown}
 o - a potion of curing {unknown}


   Skills:
 + Level 1.3 Fighting
 - Level 1.0 Staves
 + Level 1.9 Dodging
 - Level 1.0 Stealth
 - Level 3.0 Spellcasting
 - Level 4.0 Ice Magic
 * Level 1.4 Invocations


You had 8 spell levels left.
You knew the following spells:

 Your Spells              Type           Power      Damage    Failure   Level
a - Freeze                Ice            48%        1d7       5%          1

Your spell library contained the following spells:

 Spells                   Type           Power      Damage    Failure   Level
 Frozen Ramparts          Ice            24%        1d4       16%         3
 Hailstorm                Conj/Ice       7%         3d4       77%         4
 Summon Small Mammal      Summ           Unusable   N/A       N/A         1
 Call Canine Familiar     Summ           Unusable   N/A       N/A         3
 Summon Guardian Golem    Hex/Summ       Unusable   N/A       N/A         3

Dungeon Overview and Level Annotations

Branches:
Dungeon (3/15)

Altars:
Okawaru
Qazlal


Innate Abilities, Weirdness & Mutations

You are partially covered in thin metallic scales. (AC +2)
You have a small tail.


Message History

You kill the endoplasm!
Okawaru accepts your kill.
No target in view!
No target in view!
You open the door.
There is an open door here.
Found a stone staircase leading down.
Found a stone staircase leading up.
An ogre comes into view. It is wielding a +0 giant club.
Casting: Freeze (safe; 5% risk of failure)
Confirm with . or Enter, or press ? or * to list all spells.
Okay, then.
The ogre shouts!
Casting: Freeze (safe; 5% risk of failure)
Confirm with . or Enter, or press ? or * to list all spells.
Aiming: Freeze (safe; 5% risk of failure)
Press: ? - help, Shift-Dir - straight line, f - ogre
Aim: an ogre, wielding a +0 giant club You freeze the ogre.
The ogre is lightly wounded.
Casting: Freeze (safe; 5% risk of failure)
Confirm with . or Enter, or press ? or * to list all spells.
Aiming: Freeze (safe; 5% risk of failure)
Press: ? - help, Shift-Dir - straight line, f/p - ogre
Aim: an ogre, wielding a +0 giant club (lightly wounded)
You miscast Freeze.
You are very lightly contaminated with residual magic.
Nothing appears to happen.
The ogre hits you with a +0 giant club!!
Ouch! That really hurt!
* * * LOW HITPOINT WARNING * * *
Okay, then.
It was a potion of heal wounds.
You feel much better. The ogre barely misses you.
You hit the ogre but do no damage.
You tail-slap the ogre, but do no damage.
The ogre is lightly wounded.
The ogre hits you with a +0 giant club!!
Ouch! That really hurt!
You die...

.....##......#
.....##.#######
#..............
####.##.#######
.....#........#
#############.# #.#
#.#######.#
#############...@O....#
......................#
#####################...#
###


You could see an ogre.

Vanquished Creatures
  2 adders
  A gnoll (D:1)
  2 worms (D:2)
  4 bats
  7 endoplasms
  3 giant cockroaches
  5 goblins (D:1)
  4 hobgoblins
  3 kobolds
  A quokka (D:1)
  5 ball pythons
  6 frilled lizards
  3 rats
46 creatures vanquished.

Vanquished Creatures (others)
  3 demonic plants (D:1)
  A withered plant (D:1)
4 creatures vanquished.

Grand Total: 50 creatures vanquished

Notes
Turn   | Place    | Note
-------+----------+-------------------------------------------
     0 | D:1      | infinitevox the Demonspawn Wanderer began the quest for the
                  | Orb.
     0 | D:1      | infinitevox set off with the following items: a +1
                  | quarterstaff, a +0 leather armour; and the following spell
                  | memorised: Freeze; and the following spells available to
                  | memorise: Frozen Ramparts, Hailstorm
     0 | D:1      | Reached XP level 1. HP: 15/15 MP: 4/4
    73 | D:1      | Reached skill level 3 in Ice Magic
   170 | D:1      | Gained mutation: You are partially covered in thin metallic
                  | scales. (AC +2) [demonic ancestry]
   170 | D:1      | Reached XP level 2. HP: 5/21 MP: 4/6
   173 | D:1      | HP: 1/21 [rat (2)]
   495 | D:1      | Found a faded altar of an unknown god.
  1022 | D:1      | Gained mutation: You have a small tail. [demonic ancestry]
  1022 | D:1      | Reached XP level 3. HP: 26/26 MP: 7/7
  1297 | D:1      | Prayed at the altar of an unknown god.
  1297 | D:1      | Became a worshipper of Warmaster Okawaru
  1297 | D:1      | Reached * piety under Okawaru
  1423 | D:2      | Reached skill level 4 in Ice Magic
  2049 | D:2      | Found Bunwel's Weapon Emporium.
  2493 | D:2      | Reached skill level 1 in Invocations
  2611 | D:3      | Found a stormy altar of Qazlal.
  2897 | D:3      | Reached XP level 4. HP: 23/32 MP: 8/8
  3535 | D:3      | Noticed an ogre
  3545 | D:3      | Slain by an ogre

Illustrated notes

Levels and vault maps discovered:
D:1:      saegor_arrival_simple_e, layout_loops_corners,
          shapermc_ecumenical_altar_gd
D:2:      layout_basic, serial_shops, nicolae_shop_bloodbath_and_beyond
D:3:      layout_basic, general_overflow_altar

Skill      XL: |  1  2  3 |
---------------+----------+-----
Ice Magic      | 3 4 |  4.0
Invocations    | 1 |  1.4
Fighting       | |  1.3
Staves         | |  1.0
Dodging        | |  1.9
Stealth        | |  1.0
Spellcasting   | |  3.0

Action                   |  1- 3 |  4- 6 || total
-------------------------+-------+-------++-------
Melee: Quarterstaff      |    20 |       ||    20
       Spear             |   139 |    20 ||   159
       Tailslap          |     8 |     3 ||    11
 Cast: Freeze            |     1 |     1 ||     2
  Use: Potion            |       |     1 ||     1
 Stab: Sleeping          |     5 |       ||     5
Armor: Leather armour    |    51 |     9 ||    60
Dodge: Dodged            |    69 |    14 ||    83
